 Dungeon Crawl Stone Soup version 0.29.1-2-gbd0b4ee654 (webtiles) character file.

Game seed: 4567740468566898738

169068 nshep25 the Executioner (level 17, -1/168 HPs)
             Began as a Minotaur Fighter on Nov 1, 2022.
             Was an Initiate of Gozag.
             Killed from afar by a deep elf annihilator (60 damage)
             ... with an iron shot
             ... on level 3 of the Elven Halls.
             The game lasted 01:21:11 (28353 turns).

nshep25 the Executioner (Minotaur Fighter)         Turns: 28353, Time: 01:21:11

Health: -1/168     AC: 34    Str: 31    XL:     17   Next: 34%
Magic:  2/16       EV: 13    Int:  7    God:    Gozag
Gold:   1979       SH: 15    Dex: 12    Spells: 16/16 levels left

rFire   + + +      SeeInvis +   a - +9 broad axe
rCold   + + .      Faith    .   S - +2 shield of Resistance {rF++ rC++ Will++}
rNeg    + . .      Spirit   .   T - +4 pearl dragon scales of Gravity {rN+ Will+}
rPois   +          Reflect  .   Q - +3 crown of Dyrovepreva {rElec Int+2 SInv}
rElec   +          Harm     .   u - scarf {repulsion}
rCorr   .          Rampage  +   P - +2 pair of gloves {infuse}
Will    +++++                   L - +2 pair of boots {rampage}
Stlth   +.........              G - amulet of magic regeneration
HPRegen 0.38/turn               h - ring of protection from fire
MPRegen 0.55/turn               e - ring "Tiazau Dosykk" {rPois Will+ AC+4 Str+4}

@: studying Fire Magic, repel missiles
A: horns 2, retaliatory headbutt, beak, wild magic 1
a: Renounce Religion, Potion Petition, Call Merchant, Bribe Branch


You were on level 3 of the Elven Halls.
You worshipped Gozag.
Gozag was most pleased with you.
You visited 4 branches of the dungeon, and saw 21 of its levels.
You also visited: Ossuary and Bailey.

You collected 7735 gold pieces.
You spent 5180 gold pieces at shops.
You paid 576 gold pieces to Gozag.

Inventory:

Hand Weapons
 a - a +9 broad axe (weapon)
Missiles
 c - 7 javelins
 j - 2 silver boomerangs (quivered)
 p - 2 silver javelins
 q - 40 boomerangs
Armour
 u - a scarf of repulsion (worn)
 L - a +2 pair of boots of rampaging (worn)
 P - a +2 pair of gloves of infusion (worn)
 Q - the +3 crown of Dyrovepreva (worn) {rElec Int+2 SInv}
   (You bought it in a shop on level 12 of the Dungeon)

   Int:       It affects your intelligence (+2).
   rElec:     It insulates you from electricity.
   SInv:      It lets you see invisible.
 S - the +2 shield of Resistance (worn) {rF++ rC++ Will++}
   (You bought it in a shop on level 12 of the Dungeon)

   rF:        It greatly protects you from fire.
   rC:        It greatly protects you from cold.
   Will:      It greatly increases your willpower.
 T - the +4 pearl dragon scales of Gravity (worn) {rN+ Will+}
   (You bought it in a shop on level 12 of the Dungeon)

   rN:        It protects you from negative energy.
   Will:      It increases your willpower.
 U - a +0 cloak of stealth
Jewellery
 e - the ring "Tiazau Dosykk" (right hand) {rPois Will+ AC+4 Str+4}
   (You acquired it on level 6 of the Dungeon)

   [ring of protection]

   AC:        It affects your AC (+4).
   Str:       It affects your strength (+4).
   rPois:     It protects you from poison.
   Will:      It increases your willpower.
 g - a ring of flight
 h - a ring of protection from fire (left hand)
 l - an amulet of the acrobat
 D - a ring of protection from cold
 G - an amulet of magic regeneration (around neck)
Wands
 m - a wand of charming (12)
 t - a wand of digging (8)
 A - a wand of roots (4)
 B - a wand of flame (18)
 H - a wand of acid (5)
Scrolls
 b - 4 scrolls of magic mapping
 f - 6 scrolls of enchant armour
 i - 4 scrolls of silence
 n - 9 scrolls of teleportation
 s - 2 scrolls of enchant weapon
 v - 2 scrolls of fear
 y - 6 scrolls of blinking
 C - 2 scrolls of amnesia
 I - 5 scrolls of identify
 V - 3 scrolls of fog
Potions
 d - 9 potions of might
 k - 6 potions of mutation
 o - 4 potions of haste
 r - 6 potions of brilliance
 w - 4 potions of magic
 x - a potion of cancellation
 z - 3 potions of ambrosia
 J - 3 potions of curing
 M - a potion of resistance
 N - 2 potions of invisibility
 O - 3 potions of heal wounds
Miscellaneous
 E - a lightning rod (4/4)
 F - a phantom mirror
 X - a tin of tremorstones (2/2)


   Skills:
 + Level 19.4 Fighting
 + Level 21.9 Axes
 + Level 5.1 Throwing
 + Level 13.8 Armour
 + Level 10.6 Dodging
 + Level 5.4 Stealth
 + Level 14.5 Shields


You had 16 spell levels left.
You didn't know any spells.
Your spell library contained the following spells:

 Spells                   Type           Power      Damage    Failure   Level
 Foxfire                  Conj/Fire      0%         2x1d4     89%         1
 Freeze                   Ice            0%         1d3       89%         1
 Magic Dart               Conj           0%         1d3       89%         1
 Necrotise                Necr           0%         1d4       89%         1
 Blink                    Tloc           0%         N/A       96%         2
 Searing Ray              Conj           0%         2d4       96%         2
 Static Discharge         Conj/Air       0%         3-3/arc   96%         2
 Conjure Flame            Conj/Fire      0%         6-21      99%         3
 Dazzling Flash           Conj/Hex       0%         N/A       99%         3
 Frozen Ramparts          Ice            0%         1d1       99%         3
 Gell's Gravitas          Tloc           0%         N/A       99%         3
 Inner Flame              Hex/Fire       0%         N/A       99%         3
 Lesser Beckoning         Tloc           0%         N/A       99%         3
 Ozocubu's Armour         Ice            0%         N/A       99%         3
 Portal Projectile        Hex/Tloc       0%         N/A       99%         3
 Teleport Other           Tloc           0%         N/A       99%         3
 Tukima's Dance           Hex            0%         N/A       99%         3
 Vampiric Draining        Necr           0%         2d6       99%         3
 Cause Fear               Hex            0%         N/A       100%        4
 Dispel Undead            Necr           0%         3d6       100%        4
 Flame Wave               Conj/Fire      0%         2d4       100%        4
 Fulminant Prism          Conj/Hex       0%         3d6       100%        4
 Hailstorm                Conj/Ice       0%         3d3       100%        4
 Iskenderun's Mystic Bla  Conj/Tloc      0%         2d3       100%        4
 Sticky Flame             Conj/Fire      0%         2d3       100%        4
 Agony                    Necr           0%         N/A       100%        5
 Blade Hands              Tmut           0%         N/A       100%        5
 Borgnjor's Vile Clutch   Necr/Erth      0%         N/A       100%        5
 Manifold Assault         Tloc           0%         N/A       100%        5
 Silence                  Hex/Air        0%         N/A       100%        5
 Starburst                Conj/Fire      0%         6d3       100%        6
 Dragon Form              Tmut           0%         N/A       100%        7
 Ozocubu's Refrigeration  Ice            0%         4d7       100%        7
 Borgnjor's Revivificati  Necr           0%         N/A       100%        8
 Necromutation            Tmut/Necr      0%         N/A       100%        8
 Death's Door             Necr           0%         N/A       100%        9
 Dragon's Call            Summ           0%         N/A       100%        9


Dungeon Overview and Level Annotations

Branches:
Dungeon (15/15)            Temple (1/1) D:4            Lair (0/5) D:8
    Orc (2/2) D:12            Elf (3/3) Orc:2        Vaults (0/5) D:13
 Depths (0/4) D:15        Ossuary (visited)          Bailey (visited)

Altars:
Ashenzari
Cheibriados
Dithmenos
Elyvilon
Fedhas
Gozag
Hepliaklqana
Kikubaaqudgha
Makhleb
Nemelex Xobeh
Okawaru
Qazlal
Ru
Sif Muna
Trog
Uskayaw
Vehumet
Wu Jian
Xom
Yredelemnul
Zin
The Shining One

Shops:
D:3 ?   D:5 *   D:6 ?   D:12 [   D:15 (   Orc:2 ([!*   Elf:1 (=   Elf:3 [

Portals:
Trove: D:11 (show abyssal rune of Zot)


Innate Abilities, Weirdness & Mutations

You have a pair of horns on your head.
You reflexively headbutt those who attack you in melee.
You have a beak for a mouth.
Your spells are a little harder to cast, but a little more powerful.


Message History

You kill the deep elf elementalist!
The deep elf annihilator is distracted by your dazzling golden aura.
The deep elf annihilator shouts!
You hit the deep elf high priest but do no damage.
Your headbutt misses the deep elf high priest.
You peck the deep elf high priest.
The deep elf high priest is lightly wounded.
You slice the ghostly deep elf elementalist!!
Your headbutt misses the ghostly deep elf elementalist.
You peck the ghostly deep elf elementalist.
The ghostly deep elf elementalist is almost destroyed.
You slice the ghostly deep elf elementalist!!
You destroy the ghostly deep elf elementalist!
The deep elf annihilator is no longer distracted by gold.
The deep elf annihilator seems less brilliant.
The deep elf annihilator casts a spell.
The deep elf annihilator blinks!
The deep elf annihilator is distracted by your dazzling golden aura.
The deep elf annihilator shouts!
You slash the deep elf high priest!
Your headbutt misses the deep elf high priest.
The deep elf high priest is moderately wounded.
You slice the deep elf high priest!!
Your headbutt misses the deep elf high priest.
Your peck misses the deep elf high priest.
The deep elf high priest is almost dead.
The deep elf high priest utters a dark prayer and points at you.
Your life force is offered up.
The deep elf high priest is healed.
You closely miss the deep elf high priest.
You headbutt the deep elf high priest! You peck the deep elf high priest.
You kill the deep elf high priest!
The deep elf annihilator seems less brilliant.
You are no longer corroded.
The deep elf annihilator is no longer distracted by gold.
You slash the deep elf annihilator!
The deep elf annihilator is lightly wounded.
The deep elf annihilator casts a spell at you.
The iron shot hits you!!!
You die...
Your body crumbles into a pile of gold.

......###...... ......#......
........... .......[. ..e....
..... ... #e# #@# $ #.# $ $$ #.#
$ #.# #.# #.# ##### ###)### #####
####.).#####.....#####?)[####
###.).)....'))).⌠....')..}|)).###


You could see 2 deep elf annihilators.

Vanquished Creatures
  Rupert (D:13)
  3 deep elf blademasters
  3 deep elf master archers (Elf:3)
  A fire giant (D:14)
  6 deep elf sorcerers
  An orc warlord (Bailey)
  3 deep elf elementalists (Elf:3)
  A deep elf demonologist (Elf:3)
  4 deep elf annihilators
  An ettin (D:14)
  Snorg (D:10)
  7 deep elf death magi
  A boulder beetle (D:12)
  Harold (Orc:1)
  A deep elf high priest (Elf:3)
  5 ogre magi
  4 centaur warriors
  A death knight (D:14)
  The ghost of Baec Wov the Slicer, a journeyman VSFi of Makhleb (D:14)
  18 two-headed ogres
  34 dancing weapons
  3 tengu warriors
  Urug (D:13)
  3 orc high priests
  19 deep elf knights
  8 skeletal warriors
  2 deep trolls (Orc:2)
  15 deep elf archers
  A wizard (D:15)
  The ghost of Icepheonix32 the Frost Mage, a novice OpIE of Vehumet (D:6)
  33 deep elf pyromancers
  29 deep elf zephyrmancers
  A phantasmal warrior (D:14)
  3 orc knights
  A necromancer (D:15)
  12 ugly things
  The ghost of TheSquidPope the Slasher, a novice HuFi of Uskayaw (D:6)
  7 orc sorcerers
  The ghost of lotum the Magician, a novice OpHW (D:6)
  A manticore (D:14)
  6 cyclopes
  An elephant (D:8)
  The ghost of warriortoast the Digger, a novice GrEE of Cheibriados (D:6)
  3 centaur skeletons (D:15)
  2 gargoyles (D:12)
  Maggie (D:8)
  An unseen horror (D:13)
  An efreet (D:14)
  A tengu conjurer (D:14)
  A komodo dragon (D:11)
  A kobold demonologist (D:13)
  6 meliai
  17 trolls
  A queen bee (D:13)
  5 hornets
  The ghost of hawla the Conjurer, an amateur DrCj (D:6)
  3 slime creatures (D:15)
  3 air elementals
  5 fire elementals
  A wyvern (D:7)
  6 wraiths
  14 yaks
  16 humans (D:13)
  A basilisk (D:8)
  12 vampire mosquitoes
  Menkaure (D:7)
  5 wargs
  2 acid dragons
  2 floating eyes (Orc:1)
  2 ice beasts
  24 orc warriors
  A sky beast (D:7)
  2 black bears
  22 ogres
  2 centaurs
  A phantom (D:4)
  4 kobold brigands
  Blork the orc (D:5)
  4 bullfrogs
  2 necrophages
  2 gnoll sergeants
  4 earth elementals
  3 water moccasin zombies (Ossuary)
  5 wights (D:8)
  17 killer bees
  2 howler monkeys (D:9)
  Crazy Yiuf (D:6)
  2 hounds (D:6)
  2 jellies
  4 orc priests
  3 gnoll boudas
  A boggart zombie (D:15)
  Jessica (D:2)
  4 iguanas
  Ijyb (D:4)
  Natasha (thrice) (D:3)
  14 orc wizards
  3 mummies
  8 adders
  32 gnolls
  3 white imps
  An ufetubus (D:5)
  5 adder zombies (Ossuary)
  A worm (D:3)
  3 dart slugs
  63 orcs
  7 bats
  8 endoplasms
  A giant cockroach (D:3)
  3 gnoll zombies (Ossuary)
  10 goblins
  7 hobgoblins
  6 jackals
  5 quokkas
  9 ball pythons
  4 frilled lizards
  A goblin zombie (D:5)
  9 hobgoblin zombies (Ossuary)
  33 kobolds
  4 kobold zombies
  8 orc zombies (Ossuary)
  6 rats
734 creatures vanquished.

Vanquished Creatures (others)
  A dancing weapon (Elf:1)
  A deep elf knight (Elf:1)
  A deep elf zephyrmancer (Elf:2)
  A water elemental (Elf:1)
  An orc (Elf:1)
  7 plants (D:13)
12 creatures vanquished.

Grand Total: 746 creatures vanquished

Notes
Turn   | Place    | Note
-------+----------+-------------------------------------------
     0 | D:1      | nshep25 the Minotaur Fighter began the quest for the Orb.
     0 | D:1      | Reached XP level 1. HP: 19/19 MP: 0/0
   124 | D:1      | Reached XP level 2. HP: 27/27 MP: 1/1
   451 | D:1      | Reached skill level 3 in Axes
   452 | D:1      | Found a faded altar of an unknown god.
   611 | D:1      | Reached XP level 3. HP: 33/33 MP: 2/2
  1360 | D:2      | Noticed Jessica
  1364 | D:2      | Killed Jessica
  1365 | D:2      | Reached XP level 4. HP: 36/41 MP: 3/3
  1785 | D:2      | Reached skill level 4 in Axes
  2212 | D:3      | Reached XP level 5. HP: 35/47 MP: 4/4
  2324 | D:3      | Noticed Natasha
  2335 | D:3      | Killed Natasha
  2475 | D:3      | Found Ywky Eve's Magic Scroll Boutique.
  2500 | D:3      | Found a sacrificial altar of Ru.
  2773 | D:3      | Found a snail-covered altar of Cheibriados.
  2785 | D:3      | Found an ancient bone altar of Kikubaaqudgha.
  2866 | D:3      | Noticed Natasha
  2874 | D:3      | Killed Natasha
  2980 | D:3      | Found a bloodstained altar of Trog.
  4067 | D:3      | Noticed Natasha
  4070 | D:3      | Killed Natasha
  4071 | D:3      | Reached skill level 5 in Axes
  4071 | D:3      | Reached skill level 5 in Armour
  4136 | D:4      | Noticed an ogre
  4149 | D:4      | Killed an ogre
  4150 | D:4      | Reached XP level 6. HP: 17/53 MP: 5/5
  4403 | D:4      | Reached skill level 6 in Axes
  4403 | D:4      | Reached XP level 7. HP: 53/60 MP: 6/6
  4499 | D:4      | Found a staircase to the Ecumenical Temple.
  4508 | Temple   | Entered the Ecumenical Temple
  4513 | Temple   | Became a worshipper of Gozag Ym Sagoz the Greedy
  4567 | D:4      | Noticed Ijyb
  4576 | D:4      | Killed Ijyb
  4577 | D:4      | Reached skill level 5 in Fighting
  4577 | D:4      | Reached skill level 1 in Stealth
  4583 | D:4      | Identified the +5 ring mail "Eferham" {rC+ MP+9}
  5008 | D:4      | Found a burning altar of Makhleb.
  5011 | D:4      | Found a glowing silver altar of Zin.
  5011 | D:4      | Noticed an angel
  5011 | D:4      | Noticed an Executioner
  5116 | D:3      | Bought a scroll of blinking for 97 gold pieces
  5116 | D:3      | Bought a scroll of identify for 26 gold pieces
  5116 | D:3      | Bought a scroll of teleportation for 39 gold pieces
  5270 | D:5      | Entered Level 5 of the Dungeon
  5286 | D:5      | Found Odupni's General Store.
  5304 | D:5      | Reached skill level 1 in Dodging
  5304 | D:5      | Reached skill level 5 in Shields
  5341 | D:5      | Bought a scroll of enchant weapon for 82 gold pieces
  5460 | D:5      | Noticed Blork the orc
  5468 | D:5      | Killed Blork the orc
  5540 | D:5      | Found a sand-covered staircase.
  5561 | D:5      | Reached skill level 7 in Axes
  5561 | D:5      | Reached skill level 1 in Throwing
  5561 | D:5      | Reached XP level 8. HP: 68/68 MP: 7/7
  5599 | Ossuary  | Entered an ossuary
  5842 | D:5      | Reached skill level 8 in Axes
  6076 | D:6      | Found a shadowy altar of Dithmenos.
  6448 | D:6      | Found a runed translucent door.
  6449 | D:6      | Noticed Crazy Yiuf
  6454 | D:6      | Killed Crazy Yiuf
  6455 | D:6      | Reached skill level 9 in Axes
  6577 | D:6      | Found a runed translucent gate.
  6577 | D:6      | Found a runed translucent gate.
  6577 | D:6      | Found a runed translucent gate.
  6864 | D:6      | Noticed TheSquidPope's ghost (novice HuFi)
  6866 | D:6      | Found Vouler's Magic Scroll Emporium.
  6885 | D:6      | Noticed lotum's ghost (novice OpHW)
  6885 | D:6      | Noticed Icepheonix32's ghost (novice OpIE)
  6886 | D:6      | Noticed warriortoast's ghost (novice GrEE)
  6886 | D:6      | Noticed hawla's ghost (amateur DrCj)
  7022 | D:6      | Reached XP level 9. HP: 28/78 MP: 8/8
  7517 | D:7      | Noticed Menkaure
  7524 | D:7      | Killed Menkaure
  7537 | D:7      | Found a basalt altar of Yredelemnul.
  7540 | D:7      | Found a shimmering blue altar of Sif Muna.
  7543 | D:7      | Found a radiant altar of Vehumet.
  7594 | D:7      | Reached skill level 10 in Axes
  8392 | D:7      | Paralysed by a hornet for 1 turns
  8402 | D:7      | Paralysed by a hornet for 2 turns
  9241 | D:6      | Bought a scroll of acquirement for 676 gold pieces
  9241 | D:6      | Acquired the ring "Tiazau Dosykk" {rPois Will+ AC+4 Str+4}
  9413 | D:6      | Gained mutation: You have a beak for a mouth. [potion of
                  | mutation]
  9413 | D:6      | Gained mutation: Your spells are a little harder to cast,
                  | but a little more powerful. [potion of mutation]
  9607 | D:8      | Noticed Maggie
  9615 | D:8      | Killed Maggie
  9616 | D:8      | Reached skill level 11 in Axes
  9828 | D:8      | Noticed an elephant
  9829 | D:8      | Found a staircase to the Lair.
  9839 | D:8      | Killed an elephant
  9840 | D:8      | Reached XP level 10. HP: 66/88 MP: 9/9
 11050 | D:9      | Reached skill level 12 in Axes
 11297 | D:10     | Entered Level 10 of the Dungeon
 11394 | D:10     | Noticed a two-headed ogre
 11405 | D:10     | Killed a two-headed ogre
 11535 | D:10     | Reached skill level 13 in Axes
 11544 | D:10     | Reached skill level 5 in Dodging
 11666 | D:10     | Found an iron altar of Okawaru.
 11689 | D:10     | Noticed a two-headed ogre
 11697 | D:10     | Killed a two-headed ogre
 11698 | D:10     | Reached XP level 11. HP: 35/97 MP: 10/10
 11792 | D:10     | Found a flagged portal.
 11810 | Bailey   | Entered a bailey
 11943 | Bailey   | Noticed an orc warlord
 12035 | Bailey   | Found a runed translucent gate.
 12035 | Bailey   | Found a runed translucent gate.
 12035 | Bailey   | Found a runed translucent gate.
 12325 | Bailey   | HP: 4/97 [orc warlord/+5 broad axe (14)]
 12345 | Bailey   | Killed an orc warlord
 12826 | Bailey   | Reached skill level 10 in Fighting
 12826 | Bailey   | Reached skill level 14 in Axes
 12826 | Bailey   | Reached XP level 12. HP: 108/108 MP: 11/11
 12966 | D:10     | Noticed Snorg
 12973 | D:10     | Killed Snorg
 13116 | D:10     | Found an ornate altar of the Wu Jian Council.
 13397 | D:11     | Reached skill level 10 in Armour
 13455 | D:11     | Reached skill level 5 in Throwing
 13538 | D:11     | Found a portal to a secret trove of treasure.
 13837 | D:11     | Reached skill level 15 in Axes
 14975 | D:12     | Found a transporter.
 14979 | D:12     | Found a transporter.
 15087 | D:12     | Noticed a boulder beetle
 15098 | D:12     | Found a staircase to the Orcish Mines.
 15389 | D:12     | Killed a boulder beetle
 15416 | Orc:1    | Entered Level 1 of the Orcish Mines
 15420 | Orc:1    | Reached skill level 16 in Axes
 15427 | Orc:1    | Reached XP level 13. HP: 115/118 MP: 12/12
 15616 | Orc:2    | Entered Level 2 of the Orcish Mines
 15618 | Orc:2    | Found a staircase to the Elven Halls.
 16089 | Orc:1    | Paralysed by a floating eye for 4 turns
 16114 | Orc:1    | Noticed Harold
 16125 | Orc:1    | Killed Harold
 16299 | Orc:1    | Reached skill level 17 in Axes
 16828 | Orc:2    | Reached skill level 18 in Axes
 17159 | Orc:2    | Found Demoth's Antique Weapon Shop.
 17160 | Orc:2    | Found Eluiz's Armour Shop.
 17169 | Orc:2    | Found Ycwam's Distillery.
 17176 | Orc:2    | Bought a +2 pair of gloves of infusion for 322 gold pieces
 17188 | Orc:2    | Found Voriavim's Assorted Antiques.
 17199 | Orc:2    | Bought a potion of degeneration for 15 gold pieces
 17269 | Orc:2    | Reached XP level 14. HP: 132/132 MP: 13/13
 18165 | D:6      | Killed TheSquidPope's ghost
 18166 | D:6      | Killed lotum's ghost
 18166 | D:6      | Killed Icepheonix32's ghost
 18168 | D:6      | Killed hawla's ghost
 18171 | D:6      | Killed warriortoast's ghost
 18494 | D:12     | Bought the +2 shield of Resistance {rF++ rC++ Will++} for
                  | 1057 gold pieces
 18494 | D:12     | Found the +2 shield of Resistance {rF++ rC++ Will++}
 18494 | D:12     | Bought the +4 pearl dragon scales of Gravity {rN+ Will+}
                  | for 1825 gold pieces
 18541 | D:13     | Noticed Rupert
 18541 | D:13     | Noticed Urug
 18541 | D:13     | Found a gate to the Vaults.
 18567 | D:13     | Killed Rupert
 18578 | D:13     | Killed Urug
 18788 | D:13     | Reached skill level 19 in Axes
 18979 | D:12     | Bought a scarf of repulsion for 180 gold pieces
 19382 | D:13     | Reached skill level 15 in Fighting
 19941 | D:14     | Reached skill level 10 in Shields
 20289 | D:14     | Found a shimmering blue altar of Sif Muna.
 20309 | D:14     | Reached skill level 5 in Stealth
 20398 | D:14     | Noticed Baec Wov's ghost (journeyman VSFi)
 20400 | D:14     | Found a transporter.
 20400 | D:14     | Found a transporter.
 20402 | D:14     | Noticed a fire giant
 20847 | D:14     | Killed a fire giant
 20851 | D:14     | Killed Baec Wov's ghost
 20852 | D:14     | Reached XP level 15. HP: 62/143 MP: 0/14
 20854 | D:14     | HP: 4/143 [ettin/+7 great mace (26)]
 21284 | D:15     | Entered Level 15 of the Dungeon
 21832 | D:15     | Found Ifynnis's Antique Weapon Shop.
 22023 | D:15     | Found a staircase to the Depths.
 22771 | D:12     | Bought the +3 crown of Dyrovepreva {rElec Int+2 SInv} for
                  | 621 gold pieces
 22771 | D:12     | Found the +3 crown of Dyrovepreva {rElec Int+2 SInv}
 22803 | Elf:1    | Entered Level 1 of the Elven Halls
 22810 | Elf:1    | Paralysed by an air elemental for 1 turns
 22836 | Elf:1    | Reached skill level 20 in Axes
 22841 | Elf:1    | Paralysed by an air elemental for 1 turns
 22841 | Elf:1    | Noticed a deep elf sorcerer
 22954 | Elf:1    | Paralysed by an air elemental for 1 turns
 22958 | Elf:1    | Killed a deep elf sorcerer
 23406 | Elf:1    | Found Idaudef's Weapon Shoppe.
 23516 | Elf:1    | Noticed a deep elf sorcerer
 23523 | Elf:1    | Killed a deep elf sorcerer
 24250 | Elf:1    | Reached XP level 16. HP: 148/155 MP: 9/15
 24599 | Elf:1    | Found Saeghen's Jewellery Emporium.
 24897 | Elf:2    | Identified the +5 scale mail "Qioca" {Harm +Blink Regen+
                  | Str+4}
 25173 | Elf:2    | Found a runed translucent gate.
 25174 | Elf:2    | Found a runed translucent gate.
 25174 | Elf:2    | Found a runed translucent gate.
 25261 | Elf:2    | Reached skill level 21 in Axes
 25629 | Elf:2    | Reached skill level 10 in Dodging
 25717 | Elf:2    | Noticed a deep elf blademaster
 25733 | Elf:2    | Killed a deep elf blademaster
 26752 | Elf:3    | Entered Level 3 of the Elven Halls
 26918 | Elf:3    | Found Yschyewi's Antique Armour Shoppe.
 26926 | Elf:3    | Bought a glowing cloak for 240 gold pieces
 27141 | Elf:3    | Reached XP level 17. HP: 130/168 MP: 1/16
 27545 | Elf:3    | Noticed a deep elf blademaster
 27546 | Elf:3    | Noticed a deep elf master archer
 27546 | Elf:3    | Noticed a deep elf blademaster
 27829 | Elf:3    | Got the Papyrus of Doomed Blows and Bruises
 27882 | Elf:3    | Noticed a deep elf master archer
 27883 | Elf:3    | Noticed a deep elf master archer
 27890 | Elf:3    | Killed a deep elf master archer
 27893 | Elf:3    | Killed a deep elf master archer
 27993 | Elf:3    | Noticed a deep elf blademaster
 28010 | Elf:3    | Killed a deep elf blademaster
 28161 | Elf:3    | Identified the +3 long sword of the Mushroom {vorpal, rElec
                  | rF- Str+2}
 28212 | Elf:3    | Identified the +2 morningstar of the Curious Stories {elec,
                  | rElec Int+8 Dex-3}
 28265 | Elf:3    | Identified the +10 hand axe "Fogruqosm" {drain, rN+ Str+2
                  | Dex+3}
 28278 | Elf:3    | Noticed an Ice Fiend
 28284 | Elf:3    | Noticed a deep elf blademaster
 28298 | Elf:3    | Killed a deep elf blademaster
 28302 | Elf:3    | Noticed a deep elf master archer
 28305 | Elf:3    | Killed a ghostly deep elf blademaster
 28335 | Elf:3    | Killed a deep elf master archer
 28353 | Elf:3    | Killed from afar by a deep elf annihilator

Illustrated notes

Levels and vault maps discovered:
D:1:      minmay_arrival_cross, layout_basic, serial_curves, eino_curves_04,
          eino_curves_04, nicolae_ecumenical_lake_church
D:2:      layout_basic, minmay_misc_feat_tiny, uniq_jessica
D:3:      layout_rooms, nicolae_overflow_quartered_altars, serial_shops, shop,
          kennysheep_generic_room_10, uniq_natasha
D:4:      minmay_angry_zag, layout_cave_pools,
          grunt_temple_overflow_order_and_chaos_2,
          minmay_temple_entry_crystal_x, minmay_misc_feat_rows,
          hangedman_abyss_or_decor_jellyfish_corner, chequers_hall_statues_y,
          uniq_ijyb
D:5:      layout_rooms, serial_shops, nicolae_shop_waterfront,
          nicolae_ossuary_entry_giza, nicolae_concentric_dashed_squares_wild,
          uniq_blork_the_orc
D:6:      layout_basic, nicolae_dithmenos_shadow_blocks,
          gammafunk_ghost_cemetery, serial_shops, nicolae_shop_stone,
          uniq_crazy_yiuf_cottage
D:7:      layout_loops_corners, grunt_temple_overflow_diamond, serial_rivers,
          chequers_serial_rivers_room_b, chequers_serial_rivers_room_b,
          chequers_serial_rivers_micro_b, chequers_serial_rivers_micro_c,
          serial_bayou_crossing, uniq_menkaure
D:8:      layout_basic, david_lair_generic, minmay_fountain_box, uniq_maggie
D:9:      layout_loops_ring
D:10:     layout_gridville, mainiacjoe_overflow_24_doors,
          mainiacjoe_overflow_alcove_2, enter_bailey_5, uniq_snorg
D:11:     layout_roguey, nicolae_trove_entry_free_sample
D:12:     gammafunk_boulding_lane, layout_loops_ring, david_orc_3
D:13:     layout_cave_pools, david_vaults_3, nicolae_looking_at_the_future
D:14:     layout_irregular_city, lemuel_blue_sif_altar, gammafunk_ghost_smash
D:15:     grunt_enter_depths_magical_seal, layout_stronghold, serial_shops,
          shop, roderic_lattice_a
Temple:   hellmonk_temple_micro_hex
Orc:1:    hellmonk_paralyzer, layout_caves, basic_altar, uniq_harold
Orc:2:    st_orc_open, layout_diamond_mine
Elf:1:    eino_elf_arrival_shootout, layout_loops_ring, serial_shops, shop,
          nicolae_shop_statue_plus, hangedman_elven_crosses_minicolossus,
          grunt_ministairs_8
Elf:2:    nicolae_elf_blades_crystal_corner, layout_geoelf_diagonals,
          grunt_ministairs_10
Elf:3:    minmay_elf_hall, layout_gridlike, serial_shops, shop

Skill      XL: |  1  2  3  4  5  6  7  8  9 10 11 12 13 14 15 16 |
---------------+-------------------------------------------------+-----
Shields        | 4 5 6 7 8 9 10 12 14 | 14.5
Axes           | 3 4 5 6 7 9 11 13 14 16 18 19 20 21 | 21.9
Armour         | 4 5 6 7 8 9 10 11 12 13 | 13.8
Fighting       | 4 5 6 7 9 10 12 14 15 17 19 | 19.4
Stealth        | 1 2 3 4 5 |  5.4
Dodging        | 1 2 4 5 6 7 8 9 10 | 10.6
Throwing       | 1 4 5 |  5.1

Action                   |  1- 3 |  4- 6 |  7- 9 | 10-12 | 13-15 | 16-18 || total
-------------------------+-------+-------+-------+-------+-------+-------++-------
Melee: War axe           |    54 |    83 |   332 |   152 |       |       ||   621
       Headbutt          |    10 |    10 |    55 |    58 |   142 |    63 ||   338
       Peck              |       |       |     9 |    62 |   137 |    80 ||   288
       Broad axe         |       |       |       |   140 |   654 |   381 ||  1175
Throw: Boomerang         |       |       |    15 |    55 |       |       ||    70
Invok: Call Merchant     |       |       |       |       |     1 |       ||     1
  Use: Scroll            |       |       |    19 |    10 |     3 |     4 ||    36
       Potion            |       |       |     5 |     7 |     2 |       ||    14
 Stab: Distracted        |       |       |     1 |     2 |    10 |     4 ||    17
Armor: Scale mail        |    30 |    39 |     4 |       |       |       ||    73
       Ring mail         |       |       |   121 |   104 |    54 |       ||   279
       Pearl dragon scal |       |       |       |       |   180 |   132 ||   312
Dodge: Dodged            |    34 |    35 |   179 |   167 |   275 |   122 ||   812
       Repelled          |       |       |       |       |     7 |    11 ||    18
Block: Buckler           |    12 |    22 |    75 |    48 |    47 |       ||   204
       Kite shield       |       |       |       |       |   237 |   154 ||   391
